 Dungeon Crawl Stone Soup version 0.29-a0-275-g389c0b56f3 (webtiles) character file.

Game seed: 3432935618791086055

896 Ajdolov the Digger (level 8, -2/52 HPs)
             Began as an Octopode Earth Elementalist on Mar 12, 2022.
             Slain by a killer bee (9 damage)
             ... on level 5 of the Dungeon.
             The game lasted 00:07:59 (5597 turns).

Ajdolov the Digger (Octopode Earth Elementalist)    Turns: 5597, Time: 00:07:59

Health: -2/52      AC:  1    Str:  7    XL:     8   Next: 7%
Magic:  0/12       EV: 13    Int: 25    God:
Gold:   220        SH:  0    Dex: 13    Spells: 7/13 levels left

rFire   . . .      SeeInvis .   l - +2 whip (venom)
rCold   . . .      Faith    .   (no shield)
rNeg    . . .      Spirit   .   (helmet restricted)
rPois   .          Reflect  .   (no amulet)
rElec   .          Harm     .   m - +6 ring of intelligence
rCorr   .          Rampage  .   (no ring)
Will    .....                   (no ring)
Stlth   +++.......              (no ring)
HPRegen 0.17/turn               (no ring)
MPRegen 0.13/turn               (no ring)
                                (no ring)
                                (no ring)

@: no status effects
A: almost no armour, amphibious, 8 rings, camouflage 1, gelatinous body 1,
(nimble swimmer 1), tentacles
a: no special abilities


You were on level 5 of the Dungeon.
You visited 1 branch of the dungeon, and saw 5 of its levels.

You collected 220 gold pieces.

Inventory:

Hand Weapons
 l - a +2 whip of venom (weapon)
Missiles
 a - 139 stones
Jewellery
 m - a +6 ring of intelligence (left tentacle)
 s - a ring of fire
Scrolls
 d - 2 scrolls of enchant weapon {unknown}
 e - 2 scrolls of fear {unknown}
 f - a scroll of immolation {unknown}
 g - a scroll of fog {unknown}
 h - 3 scrolls of teleportation {unknown}
 j - a scroll of noise {unknown}
 o - 5 scrolls of identify {unknown}
 p - 4 scrolls of magic mapping {unknown}
 t - a scroll of vulnerability {unknown}
 u - a scroll of torment {unknown}
Potions
 b - a potion of magic
 c - a potion of brilliance {unknown}
 i - a potion of might {unknown}
 k - a potion of heal wounds {unknown}
 n - a potion of invisibility {unknown}
 q - 3 potions of curing
 r - 3 potions of flight {unknown}
 v - a potion of ambrosia {unknown}


   Skills:
 * Level 3.3 Fighting
 - Level 2.0 Dodging
 - Level 2.6 Stealth
 + Level 3.0 Spellcasting
 - Level 4.1 Conjurations
 + Level 2.2 Translocations
 - Level 1.0 Transmutations
 - Level 6.4 Earth Magic


You had 7 spell levels left.
You knew the following spells:

 Your Spells              Type           Power      Damage    Failure   Level
a - Sandblast             Erth           72%        2d16      1%          1
b - Stone Arrow           Conj/Erth      60%        3d10      3%          3
c - Blink                 Tloc           30%        N/A       6%          2

Your spell library contained the following spells:

 Spells                   Type           Power      Damage    Failure   Level
 Magic Dart               Conj           96%        1d7       1%          1
 Passwall                 Tmut/Erth      18%        N/A       3%          2
 Animate Skeleton         Necr           6%         N/A       10%         1
 Pain                     Necr           12%        1d4       10%         1
 Gell's Gravitas          Tloc           15%        N/A       12%         3
 Lesser Beckoning         Tloc           15%        N/A       12%         3
 Teleport Other           Tloc           15%        N/A       12%         3
 Call Imp                 Summ           3%         N/A       16%         2
 Scorch                   Fire           6%         2d5       16%         2
 Mephitic Cloud           Conj/Pois/Air  10%        N/A       17%         3
 Petrify                  Tmut/Erth      22%        N/A       22%         4
 Tukima's Dance           Hex            3%         N/A       30%         3
 Vampiric Draining        Necr           3%         2d6       30%         3
 Passage of Golubria      Tloc           15%        N/A       36%         4
 Flame Wave               Conj/Fire      14%        2d6       38%         4
 Manifold Assault         Tloc           15%        N/A       73%         5
 Yara's Violent Unravell  Hex/Tmut       3%         3d4       92%         5
 Summon Cactus Giant      Summ           1%         N/A       100%        6


Dungeon Overview and Level Annotations

Branches:
Dungeon (5/15)
 Temple: D:4-7

Altars:
Xom


Innate Abilities, Weirdness & Mutations

You cannot wear most types of armour.
You are amphibious.
You can wear up to eight rings at the same time.
Your skin changes colour to match your surroundings (Stealth+).
Your rubbery body absorbs attacks. (AC +1, EV +1)
((You are camouflaged when in or above water. (Stealth+)))
You have tentacles for arms and can constrict up to eight enemies at once.


Message History

The killer bee poisons you! The killer bee stings you.
You closely miss the killer bee. Your grab misses the killer bee.
Your squeeze misses the killer bee.
The killer bee is lightly wounded.
* * * LOW HITPOINT WARNING * * *
You feel very sick. The killer bee barely misses you.
The killer bee stings you.
* * * LOW HITPOINT WARNING * * *
Unknown command.
Casting: Sandblast (safe; 1% risk of failure)
Confirm with . or Enter, or press ? or * to list all spells.
Aiming: Sandblast (safe; 1% risk of failure)
Press: ? - help, Shift-Dir - straight line, f - killer bee
Aim: a killer bee (lightly wounded, 63% to hit)
The blast of sand misses the killer bee.
a - 140 stones
* * * LOW HITPOINT WARNING * * *
You feel sick. The killer bee misses you. x2
It was a potion of curing.
You feel better. The killer bee stings you!
* * * LOW HITPOINT WARNING * * *
The killer bee misses you.
Casting: Sandblast (safe; 1% risk of failure)
Confirm with . or Enter, or press ? or * to list all spells.
Aiming: Sandblast (safe; 1% risk of failure)
Press: ? - help, Shift-Dir - straight line, f/p - killer bee
Aim: a killer bee (lightly wounded, 63% to hit)
The blast of sand hits the killer bee!
The killer bee is almost dead.
a - 139 stones The killer bee stings you.
* * * LOW HITPOINT WARNING * * *
The killer bee misses you.
You miss the killer bee. Your grab misses the killer bee.
The killer bee is almost dead.
The killer bee closely misses you. The killer bee misses you.
You closely miss the killer bee. Your grab misses the killer bee.
Your squeeze misses the killer bee.
The killer bee is almost dead.
The killer bee stings you!
You die...

....... ....... .......
....... # ###.....$..# ##..
#........#.# #..
#..........
########.#####)@......#
#..........##..y.[....#
#.....................####
#..........#......)......#
#........รท...#...........#
#....<..........<.........
#.....yy...###............
#.........................
#...............####......


You could see a killer bee.

Vanquished Creatures
  An ice beast (D:5)
  A phantom (D:5)
  4 scorpions
  2 killer bees (D:4)
  2 hounds
  A jelly (D:4)
  An orc priest (D:4)
  2 iguanas (D:4)
  An orc wizard (D:4)
  5 gnolls
  5 adders
  3 dart slugs
  6 orcs
  10 endoplasms
  5 giant cockroaches
  7 goblins
  11 hobgoblins
  5 jackals
  8 kobolds
  3 quokkas
  6 ball pythons
  10 bats
  4 frilled lizards
  3 rats
106 creatures vanquished.

Notes
Turn   | Place    | Note
-------+----------+-------------------------------------------
     0 | D:1      | Ajdolov the Octopode Earth Elementalist began the quest for
                  | the Orb.
     0 | D:1      | Reached XP level 1. HP: 11/11 MP: 3/3
    44 | D:1      | Reached XP level 2. HP: 8/17 MP: 0/5
   575 | D:1      | Reached skill level 4 in Earth Magic
   780 | D:1      | Reached XP level 3. HP: 21/21 MP: 4/6
  1444 | D:2      | Learned a level 3 spell: Stone Arrow
  1447 | D:2      | Learned a level 2 spell: Blink
  1550 | D:2      | Reached XP level 4. HP: 24/27 MP: 7/7
  1697 | D:2      | Found a shimmering altar of Xom.
  2043 | D:3      | Reached skill level 1 in Conjurations
  2432 | D:3      | Reached skill level 5 in Earth Magic
  3006 | D:4      | Reached XP level 5. HP: 31/31 MP: 5/8
  3634 | D:3      | Reached XP level 6. HP: 19/36 MP: 6/9
  3977 | D:4      | Reached skill level 6 in Earth Magic
  3980 | D:4      | Identified the +6 long sword of Odoipaar {flame, Int+6}
  4915 | D:5      | Entered Level 5 of the Dungeon
  4915 | D:5      | Noticed an ice beast
  4920 | D:5      | Reached XP level 7. HP: 41/41 MP: 6/10
  5212 | D:5      | Reached skill level 1 in Fighting
  5212 | D:5      | Reached skill level 1 in Translocations
  5588 | D:5      | Reached XP level 8. HP: 46/52 MP: 1/12
  5597 | D:5      | Slain by a killer bee

Illustrated notes

Levels and vault maps discovered:
D:1:      co_arrival_hall_of_pillars, layout_basic, minmay_tetromino_s2
D:2:      layout_rooms, basic_altar
D:3:      layout_basic, serial_rivers, chequers_serial_rivers_marsh,
          chequers_serial_rivers_micro_a, chequers_serial_rivers_micro_d,
          chequers_serial_rivers_marsh
D:4:      layout_basic, kennysheep_diamond
D:5:      layout_rooms, kennysheep_mini, serial_shops, shop, uniq_ijyb

Skill      XL: |  1  2  3  4  5  6  7 |
---------------+----------------------+-----
Earth Magic    | 4 5 6 |  6.4
Conjurations   | 1 3 4 |  4.1
Fighting       | 3 |  3.3
Translocations | 2 |  2.2
Spellcasting   | 3 |  3.0
Dodging        | |  2.0
Stealth        | |  2.6
Transmutations | |  1.0

Action                   |  1- 3 |  4- 6 |  7- 9 || total
-------------------------+-------+-------+-------++-------
Melee: Unarmed           |    21 |       |       ||    21
       Tentacles         |    11 |    28 |     2 ||    41
       Constrict         |    11 |    25 |     1 ||    37
       Whip              |    16 |    96 |    14 ||   126
       Punch             |       |     1 |       ||     1
       Long sword        |       |     5 |       ||     5
 Cast: Sandblast         |    33 |    18 |     4 ||    55
       Stone Arrow       |       |     2 |    16 ||    18
  Use: Potion            |       |       |     1 ||     1
 Stab: Sleeping          |     3 |    12 |       ||    15
Armor: Skin              |     6 |     8 |     3 ||    17
Dodge: Dodged            |    34 |    69 |    34 ||   137

Table legend: (Time is in decaauts)
 A = Elapsed time spent in this place.
 B = Non-inter-level travel time spent in this place.
 C = Inter-level travel time spent in this place.
 D = Time resting spent in this place.
 E = Time spent auto-exploring this place.
 F = Levels seen in this place.
 G = Mean time per level.
                   A        B        C        D        E       F      G
               +--------+--------+--------+--------+--------+-----+--------+
         Total |   5615 |   5457 |    158 |   1772 |   2943 |   5 | 1123.0 |
       Dungeon |   5615 |   5457 |    158 |   1772 |   2943 |   5 | 1123.0 |
               +--------+--------+--------+--------+--------+-----+--------+

Top non-repeatable levels by time:
     D:4: 2099 daAuts
     D:3: 1392 daAuts
     D:1: 1203 daAuts
     D:2: 712 daAuts
     D:5: 208 daAuts
